NCAA
NORTH CAROLINA TAR HEELS @ CONNECTICUT HUSKIES
05/22/2030
 
TOP OF THE 1ST
North Carolina Tar Heels batting - Pitching for Connecticut Huskies : LHP Mal Chapman
Pitching: LHP Mal Chapman
Batting: LHB Alfonso Sánchez 0-0: Ball
1-0: Ball
2-0: Ball
3-0: Base on Balls
Batting: RHB Scotty Sherman 0-0: Ball
1-0: Ball
2-0: Ball
3-0: Base on Balls
Alfonso Sánchez to second
Batting: RHB Shane Hunter 0-0: Ball
1-0: Ball
2-0: Fielders Choice at 2nd, 4-6 (Groundball, 34)
Alfonso Sánchez to third
Batting: RHB James Shane 0-0: Swinging Strike
0-1: Ball
1-1: Ball
2-1: Called Strike
2-2: Ball
3-2: Foul Ball, location: 2F
3-2: Base on Balls
Shane Hunter to second
Batting: RHB Howard Brown 0-0: Ball
1-0: Ball
2-0: Foul Ball, location: 2F
2-1: SINGLE (Flyball, 9LM)
Alfonso Sánchez scores
Shane Hunter to third
James Shane to second
Batting: LHB Tim Black 0-0: Ball
1-0: Ball
2-0: Ball
3-0: Base on Balls
Shane Hunter scores
James Shane to third
Howard Brown to second
Batting: SHB Justin Boyle 0-0: Called Strike
0-1: Called Strike
0-2: Foul Ball, location: 2F
0-2: Ball
1-2: Ball
2-2: Ball
3-2: Strikes out swinging
Batting: LHB Emory Bernal 0-0: Foul Ball, location: 2F
0-1: Fly out, F7 (Flyball, 78D)
Top of the 1st over - 2 runs, 1 hit, 0 errors, 3 left on base; North Carolina 2 - Connecticut 0
BOTTOM OF THE 1ST
Connecticut Huskies batting - Pitching for North Carolina Tar Heels : RHP Randolph Patterson
Pitching: RHP Randolph Patterson
Batting: RHB Anthony Payton 0-0: Called Strike
0-1: Ball
1-1: Ball
2-1: Foul Ball, location: 2F
2-2: Ball
3-2: Foul Ball, location: 2F
3-2: SINGLE (Groundball, 34D)
Batting: LHB Garth Gallegos 0-0: Ball
1-0: Called Strike
Anthony Payton steals 2nd base
1-1: Swinging Strike
1-2: DOUBLE (Groundball, 3L)
Anthony Payton scores
Batting: RHB Phil Gabriel 0-0: Ball
1-0: Foul Ball, location: 2F
1-1: Ball
2-1: Ball
3-1: Base on Balls
Batting: LHB Roberto Martínez 0-0: Called Strike
0-1: Foul Ball, location: 2F
0-2: Ball
1-2: Grounds into double play, 4-6-3 (Groundball, 4)
Garth Gallegos to third
Batting: RHB Eric Vaughn 0-0: Called Strike
0-1: Ball
1-1: Ground out U3 (Groundball, 3L)
Bottom of the 1st over - 1 run, 2 hits, 0 errors, 1 left on base; North Carolina 2 - Connecticut 1
TOP OF THE 2ND
North Carolina Tar Heels batting - Pitching for Connecticut Huskies : LHP Mal Chapman
Batting: LHB Quinn Wolfe 0-0: Fly out, F7 (Flyball, 7LD)
Batting: LHB Alfonso Sánchez 0-0: Called Strike
0-1: Ground out U3 (Groundball, 34)
Batting: RHB Scotty Sherman 0-0: Ball
1-0: Swinging Strike
1-1: Ball
2-1: Ball
3-1: Base on Balls
Batting: RHB Shane Hunter 0-0: Foul Ball, location: 2F
0-1: Called Strike
0-2: Ball
1-2: Fly out, F7 (Flyball, 78M)
Top of the 2nd over - 0 runs, 0 hits, 0 errors, 1 left on base; North Carolina 2 - Connecticut 1
BOTTOM OF THE 2ND
Connecticut Huskies batting - Pitching for North Carolina Tar Heels : RHP Randolph Patterson
Batting: RHB Andrés Padilla 0-0: Fly out, F8 (Flyball, 8RD)
Batting: RHB Jeremy Day 0-0: Called Strike
0-1: Foul Ball, location: 2F
0-2: Ground out 6-3 (Groundball, 6)
Batting: RHB Ward Dempsey 0-0: Ball
1-0: Ball
2-0: Ball
3-0: Called Strike
3-1: Base on Balls
Batting: SHB José Ramírez 0-0: Ball
1-0: Foul Ball, location: 2F
1-1: Called Strike
1-2: Fielders Choice at 2nd, 6-4 (Groundball, 6)
Bottom of the 2nd over - 0 runs, 0 hits, 0 errors, 1 left on base; North Carolina 2 - Connecticut 1
TOP OF THE 3RD
North Carolina Tar Heels batting - Pitching for Connecticut Huskies : LHP Mal Chapman
Batting: RHB James Shane 0-0: Called Strike
0-1: Ball
1-1: Swinging Strike
1-2: Strikes out looking
Batting: RHB Howard Brown 0-0: Ball
1-0: SINGLE (Groundball, 15S) (infield hit)
Batting: LHB Tim Black 0-0: Called Strike
0-1: Ball
1-1: Swinging Strike
1-2: Ball
2-2: Grounds into double play, 6-4-3 (Groundball, 6)
Top of the 3rd over - 0 runs, 1 hit, 0 errors, 0 left on base; North Carolina 2 - Connecticut 1
BOTTOM OF THE 3RD
Connecticut Huskies batting - Pitching for North Carolina Tar Heels : RHP Randolph Patterson
Batting: RHB Anthony Payton 0-0: Called Strike
0-1: Ball
1-1: Ground out 2-3 (Groundball, 15S)
Batting: LHB Garth Gallegos 0-0: SINGLE (Groundball, 4D)
Batting: RHB Phil Gabriel 0-0: Called Strike
0-1: Ball
1-1: Fly out, F7 (Flyball, 7)
Batting: LHB Roberto Martínez 0-0: Foul Ball, location: 2F
0-1: Ball
1-1: Ground out 4-3 (Groundball, 34)
Bottom of the 3rd over - 0 runs, 1 hit, 0 errors, 1 left on base; North Carolina 2 - Connecticut 1
TOP OF THE 4TH
North Carolina Tar Heels batting - Pitching for Connecticut Huskies : LHP Mal Chapman
Batting: SHB Justin Boyle 0-0: Ground out 1-3 (Groundball, P)
Batting: LHB Emory Bernal 0-0: Called Strike
0-1: Ball
1-1: Ball
2-1: Ball
3-1: Called Strike
3-2: Base on Balls
Batting: LHB Quinn Wolfe 0-0: Ball
1-0: Foul Ball, location: 2F
1-1: Ball
Wild Pitch!
Emory Bernal to second
2-1: Ball
3-1: Base on Balls
Batting: LHB Alfonso Sánchez 0-0: Called Strike
0-1: Foul Ball, location: 2F
0-2: Ball
1-2: Ball
2-2: Fly out, F9 (Flyball, 9)
Batting: RHB Scotty Sherman 0-0: Ball
1-0: Foul Ball, location: 2F
1-1: Called Strike
1-2: Fly out, F3 (Popup, 3SF)
Top of the 4th over - 0 runs, 0 hits, 0 errors, 2 left on base; North Carolina 2 - Connecticut 1
BOTTOM OF THE 4TH
Connecticut Huskies batting - Pitching for North Carolina Tar Heels : RHP Randolph Patterson
Batting: RHB Eric Vaughn 0-0: Swinging Strike
0-1: Ball
1-1: SINGLE (Line Drive, 8RM)
Batting: RHB Andrés Padilla 0-0: SINGLE (Flyball, 7S)
Eric Vaughn to second
Batting: RHB Jeremy Day 0-0: Grounds into double play, 6-4-3 (Groundball, 6)
Eric Vaughn to third
Batting: RHB Ward Dempsey 0-0: Ball
1-0: Ball
2-0: Foul Ball, location: 2F
2-1: Called Strike
2-2: Ball
3-2: Strikes out swinging
Bottom of the 4th over - 0 runs, 2 hits, 0 errors, 1 left on base; North Carolina 2 - Connecticut 1
TOP OF THE 5TH
North Carolina Tar Heels batting - Pitching for Connecticut Huskies : LHP Mal Chapman
Batting: RHB Shane Hunter 0-0: Called Strike
0-1: Swinging Strike
0-2: SINGLE (Groundball, 6MD)
Pitching: RHP Frank Fuller
Batting: RHB James Shane 0-0: Ball
1-0: Ball
2-0: Ground out 3-1 (Groundball, 34S)
Shane Hunter to second
Batting: RHB Howard Brown 0-0: Ball
1-0: Ball
2-0: Swinging Strike
2-1: Foul Ball, location: 2F
2-2: Ball
3-2: Base on Balls
Batting: LHB Tim Black 0-0: Ball
1-0: Ball
2-0: Ball
3-0: Swinging Strike
3-1: Foul Ball, location: 2F
3-2: Strikes out swinging
Batting: SHB Justin Boyle 0-0: Foul Ball, location: 2F
0-1: Ball
1-1: Ball
2-1: SINGLE (Line Drive, 5)
Shane Hunter to third
Howard Brown to second
Runner from 3rd tries for Home, throw and OUT!
Top of the 5th over - 0 runs, 2 hits, 0 errors, 2 left on base; North Carolina 2 - Connecticut 1
BOTTOM OF THE 5TH
Connecticut Huskies batting - Pitching for North Carolina Tar Heels : RHP Randolph Patterson
Batting: SHB José Ramírez 0-0: Ball
1-0: Called Strike
1-1: Ball
2-1: Ball
3-1: Foul Ball, location: 2F
3-2: Base on Balls
Batting: RHB Anthony Payton 0-0: Ball
1-0: Hit by Pitch
José Ramírez to second
Batting: LHB Garth Gallegos 0-0: Called Strike
0-1: Swinging Strike
0-2: Ball
1-2: Ball
2-2: SINGLE (Groundball, 6D)
José Ramírez to third
Anthony Payton to second
Runner from 3rd tries for Home, SAFE, no throw
Batting: RHB Phil Gabriel 0-0: Ball
1-0: Foul Ball, location: 2F
1-1: DOUBLE (Flyball, 8RXD)
Anthony Payton scores
Garth Gallegos to third
Runner from 3rd tries for Home, SAFE, no throw
Batting: LHB Roberto Martínez 0-0: Ground out U3 (Groundball, 3)
Phil Gabriel to third
Batting: RHB Eric Vaughn 0-0: Ball
1-0: Ball
2-0: Ball
3-0: Called Strike
3-1: Base on Balls
Pitching: RHP Jack Bowden
Batting: RHB Andrés Padilla 0-0: Fielders Choice at 2nd, 6-4 (Groundball, 6M)
Phil Gabriel scores
Batting: RHB Jeremy Day 0-0: Called Strike
0-1: Ball
1-1: Ball
2-1: SINGLE (Line Drive, 4MD)
Andrés Padilla to second
Batting: RHB Ward Dempsey 0-0: Swinging Strike
0-1: Swinging Strike
0-2: DOUBLE (Flyball, 8LD)
Andrés Padilla scores
Jeremy Day to third
Runner from 3rd tries for Home, SAFE, no throw
Pinch Runner at 2nd Terry McRa:
Batting: SHB José Ramírez 0-0: Called Strike
0-1: Ball
1-1: Swinging Strike
1-2: Fly out, F8 (Flyball, 8LD)
Bottom of the 5th over - 6 runs, 4 hits, 0 errors, 1 left on base; North Carolina 2 - Connecticut 7
TOP OF THE 6TH
North Carolina Tar Heels batting - Pitching for Connecticut Huskies : RHP Frank Fuller
Batting: LHB Emory Bernal 0-0: Ground out 4-3 (Groundball, 4)
Batting: LHB Quinn Wolfe 0-0: Called Strike
0-1: Called Strike
0-2: Ball
1-2: Ground out 3-1 (Groundball, 34)
Batting: LHB Alfonso Sánchez 0-0: Swinging Strike
0-1: Ball
1-1: SINGLE (Groundball, 4D)
Batting: RHB Scotty Sherman 0-0: SINGLE (Flyball, 78S)
Alfonso Sánchez to second
Batting: RHB Shane Hunter 0-0: Swinging Strike
0-1: Foul Ball, location: 2F
0-2: SINGLE (Line Drive, 89S)
Alfonso Sánchez to third
Scotty Sherman to second
Runner from 3rd tries for Home, throw and OUT!
Top of the 6th over - 0 runs, 3 hits, 0 errors, 2 left on base; North Carolina 2 - Connecticut 7
BOTTOM OF THE 6TH
Connecticut Huskies batting - Pitching for North Carolina Tar Heels : RHP Jack Bowden
Batting: RHB Anthony Payton 0-0: Ball
1-0: Called Strike
1-1: Ball
2-1: Ball
3-1: Base on Balls
Batting: LHB Garth Gallegos 0-0: Ball
1-0: Fly out, F8 (Flyball, 8RD)
Batting: RHB Phil Gabriel 0-0: Called Strike
0-1: Ball
1-1: Fly out, F3 (Popup, 3F)
Batting: LHB Roberto Martínez 0-0: Called Strike
0-1: Fielders Choice at 2nd, 5-4 (Groundball, 56)
Bottom of the 6th over - 0 runs, 0 hits, 0 errors, 1 left on base; North Carolina 2 - Connecticut 7
TOP OF THE 7TH
North Carolina Tar Heels batting - Pitching for Connecticut Huskies : RHP Frank Fuller
Batting: RHB James Shane 0-0: Called Strike
0-1: Ball
1-1: Called Strike
1-2: Strikes out looking
Batting: RHB Howard Brown 0-0: Foul Ball, location: 2F
0-1: Swinging Strike
0-2: Strikes out swinging
Batting: LHB Tim Black 0-0: Called Strike
0-1: Ball
1-1: SINGLE (Line Drive, 5)
Batting: SHB Justin Boyle 0-0: Ball
1-0: Ball
2-0: Ball
3-0: Called Strike
3-1: Foul Ball, location: 2F
3-2: Base on Balls
Tim Black to second
Batting: LHB Emory Bernal 0-0: Called Strike
0-1: Ball
1-1: Ball
2-1: Ball
3-1: Swinging Strike
3-2: Strikes out swinging
Top of the 7th over - 0 runs, 1 hit, 0 errors, 2 left on base; North Carolina 2 - Connecticut 7
BOTTOM OF THE 7TH
Connecticut Huskies batting - Pitching for North Carolina Tar Heels : RHP Jack Bowden
Batting: RHB Eric Vaughn 0-0: Foul Ball, location: 2F
0-1: SINGLE (Flyball, 7S)
Batting: RHB Andrés Padilla 0-0: Ball
1-0: Ball
2-0: Ball
3-0: Base on Balls
Eric Vaughn to second
Batting: RHB Jeremy Day 0-0: Called Strike
0-1: Foul Ball, location: 2F
0-2: Ground out 3-1 (Groundball, 34S)
Eric Vaughn to third
Andrés Padilla to second
Batting: RHB Terry McRa 0-0: Ball
1-0: Ball
2-0: Called Strike
2-1: DOUBLE (Flyball, 9D)
Eric Vaughn scores
Andrés Padilla scores
Batting: SHB José Ramírez 0-0: Called Strike
0-1: Ball
1-1: Ball
2-1: Swinging Strike
2-2: Ball
3-2: Base on Balls
Batting: RHB Anthony Payton 0-0: Ball
1-0: 3-RUN HOME RUN (Flyball, 9LD), Distance : 325 ft
Batting: LHB Garth Gallegos 0-0: Ball
1-0: Called Strike
1-1: Fly out, F8 (Line Drive, 78S)
Batting: RHB Phil Gabriel 0-0: Ball
1-0: Called Strike
1-1: Ground out 6-3 (Groundball, 6S)
Bottom of the 7th over - 5 runs, 3 hits, 0 errors, 0 left on base; North Carolina 2 - Connecticut 12
TOP OF THE 8TH
North Carolina Tar Heels batting - Pitching for Connecticut Huskies : RHP Frank Fuller
Batting: LHB Quinn Wolfe 0-0: DOUBLE (Line Drive, 7LD)
Batting: LHB Alfonso Sánchez 0-0: Swinging Strike
0-1: Ball
1-1: Ball
2-1: Swinging Strike
2-2: Foul Ball, location: 2F
2-2: Ball
3-2: Ground out 4-3 (Groundball, 4)
Quinn Wolfe to third
Batting: RHB Scotty Sherman 0-0: Called Strike
0-1: Ball
1-1: Foul Ball, location: 2F
1-2: Ball
2-2: Foul Ball, location: 2F
2-2: Foul Ball, location: 2F
2-2: Foul Ball, location: 2F
2-2: Ball
Wild Pitch!
Quinn Wolfe scores
3-2: Fly out, F2 (Popup, 23F)
Batting: RHB Shane Hunter 0-0: Ball
1-0: Ground out U3 (Groundball, 34)
Top of the 8th over - 1 run, 1 hit, 0 errors, 0 left on base; North Carolina 3 - Connecticut 12
BOTTOM OF THE 8TH
Connecticut Huskies batting - Pitching for North Carolina Tar Heels : RHP Jack Bowden
Batting: LHB Roberto Martínez 0-0: Ball
1-0: Ball
2-0: Ground out 4-3 (Groundball, 4S)
Batting: RHB Eric Vaughn 0-0: Ball
1-0: Ball
2-0: Ball
3-0: Base on Balls
Batting: RHB Andrés Padilla 0-0: Called Strike
0-1: Ball
1-1: DOUBLE (Line Drive, 7LM)
Eric Vaughn to third
Runner from 3rd tries for Home, SAFE, no throw
Pitching: RHP Van Mojica
Batting: RHB Jeremy Day 0-0: Foul Ball, location: 2F
0-1: Foul Ball, location: 2F
0-2: Foul Ball, location: 2F
0-2: Ball
1-2: SINGLE (Line Drive, 89S)
Andrés Padilla to third
Runner from 3rd tries for Home, SAFE, no throw
Batting: RHB Terry McRa 0-0: Ball
1-0: Fly out, F8 (Flyball, 8LM)
Batting: SHB José Ramírez 0-0: Ball
1-0: Ball
2-0: Called Strike
2-1: Ball
3-1: Base on Balls
Jeremy Day to second
Pinch Hitting: RHB George Powell 0-0: Ball
1-0: Called Strike
1-1: Ball
2-1: Foul Ball, location: 2F
2-2: SINGLE (Flyball, 8RS)
Jeremy Day to third
José Ramírez to second
Runner from 3rd tries for Home, SAFE, no throw
Batting: LHB Garth Gallegos 0-0: Ball
1-0: Ground out 1-3 (Groundball, 13S)
Bottom of the 8th over - 3 runs, 3 hits, 0 errors, 2 left on base; North Carolina 3 - Connecticut 15
TOP OF THE 9TH
North Carolina Tar Heels batting - Pitching for Connecticut Huskies : RHP Frank Fuller
Now in RF: George Powell
Batting: RHB James Shane 0-0: Ball
1-0: SINGLE (Flyball, 89S)
Batting: RHB Howard Brown 0-0: Foul Ball, location: 2F
0-1: Swinging Strike
0-2: Ball
1-2: Ball
2-2: Ball
3-2: Strikes out looking
Pitching: RHP Ronnie Couch
Batting: LHB Tim Black 0-0: Ball
1-0: Grounds into double play, 1-6-3 (Groundball, P)
Top of the 9th over - 0 runs, 1 hit, 0 errors, 0 left on base; North Carolina 3 - Connecticut 15
Saturday, April 7th, 2018 - OOTP Baseball 18.8 Build 76